cohdb
Replays
Latest Replays
All Replays
Popular Replays
Top Player Replays
Match Explorer
How It Works
Community
CoH3 Stats
Reddit
Sign in to upload your games and track your stats! →
Sign in with Steam
Match 42874505
Unlisted
Match 42874505
Overview
Messages
Build Orders
End
Construct Barracks
Selects Special Operations Battlegroup
Selects M29 Weasel Recon Vehicle
M29 Weasel Recon Vehicle
Riflemen Squad
Riflemen Squad
Riflemen Squad
Infantry Support Center
Construct Medical Station
M1918 Browning Automatic Rifles
M1 Mortar Team
Construct Motor Pool
M24 Chaffee Light Tank
Grenade Package
Engineer Squad
Selects P-47 Anti-Infantry Loiter
Selects UNKNOWN (2162291)
Selects Smoke Screen
Selects SSF Commando Squad
M24 Chaffee Light Tank
M1 Anti-tank Gun Team
Riflemen Squad
Smoke Screen
Construct Tank Depot
SSF Commando Squad
M4A1 Sherman Medium Tank
SSF Commando Squad
blackshooter138
Guderian ITA
0
0
Comments
sign in to comment!
No comments posted yet!